 Dungeon Crawl Stone Soup version 0.22-a0-160-gcc81d7a (webtiles) character file.

402 Lathuz the Conjurer (level 6, -2/32 HPs)
             Began as a Deep Elf Conjurer on Feb 10, 2018.
             Slain by an orc
             ... wielding a +0 hand axe of draining
              (6 damage)
             ... on level 4 of the Dungeon.
             The game lasted 00:09:55 (4101 turns).

Lathuz the Conjurer (Deep Elf Conjurer)             Turns: 4101, Time: 00:09:55

Health: -2/32      AC:  6    Str:  5    XL:     6   Next: 55%
Magic:  0/16       EV: 12    Int: 22    God:
Gold:   138        SH:  4    Dex: 15    Spells: 11/16 levels left

rFire    . . .     SeeInvis .   p - -2 short sword (curse)
rCold    . . .     Gourm    .   o - +0 buckler
rNeg     + . .     Faith    .   q - +1 robe {rN+}
rPois    .         Spirit   .   (no helmet)
rElec    .         Reflect  .   (no cloak)
rCorr    .         Harm     .   j - +0 pair of gloves
MR       .....     Rnd*Tele +   r - +1 pair of boots
Stlth    ++........             (no amulet)
HPRegen  0.10/turn              h - ring of wizardry
MPRegen  0.15/turn              n - ring of teleportation (curse)

@: drained
A: no striking features
a: no special abilities


You were on level 4 of the Dungeon.
You were not hungry.

You visited 1 branch of the dungeon, and saw 4 of its levels.

You collected 138 gold pieces.

Inventory:

Hand Weapons
 p - a cursed -2 short sword (weapon)
Missiles
 l - 72 stones (quivered)
Armour
 j - a +0 pair of gloves (worn)
 o - a +0 buckler (worn)
 q - a +1 robe of positive energy (worn)
 r - a +1 pair of boots (worn)
Jewellery
 h - a ring of wizardry (left hand)
 m - an uncursed ring of poison resistance
 n - a cursed ring of teleportation (right hand)
Wands
 a - a wand of random effects (42)
Scrolls
 k - 3 scrolls of identify
Potions
 d - 2 potions of invisibility
 e - a potion of magic
 f - a potion of curing
 g - 2 potions of flight
 s - a potion of heal wounds
 u - a potion of agility
Books
 b - a book of Conjurations

   Spells                             Type                      Level
   a - Magic Dart                     Conjuration                  1
   b - Searing Ray                    Conjuration                  2
   c - Dazzling Spray                 Conjuration/Hexes            3
   d - Fulminant Prism                Conjuration/Hexes            4
   e - Force Lance                    Conjuration/Translocation    4
   f - Iskenderun's Mystic Blast      Conjuration                  4
Comestibles
 c - 7 rations


   Skills:
 - Level 2.4(2.3) Dodging
 - Level 2.4(2.3) Stealth
 + Level 1.1(1.0) Shields
 + Level 5.7(5.6) Spellcasting
 * Level 7.4(7.2) Conjurations


You had 11 spell levels left.
You knew the following spells:

 Your Spells              Type           Power        Failure   Level  Hunger
a - Magic Dart            Conj           ####         1%          1    None
b - Iskenderun's Mystic   Conj           #####...     2%          4    ####...


Dungeon Overview and Level Annotations

Branches:
Dungeon (4/15)
 Temple: D:4-7

Altars:

Shops:
D:4 %[


Message History

Confirm with . or Enter, or press ? or * to list all spells.
Aiming: Magic Dart (safe; 1% risk of failure)
Press: ? - help, Shift-Dir - straight line, f/p - orc priest
Aim: an orc priest, wielding a mace (moderately wounded)
The magic dart hits the orc priest.
The orc priest is heavily wounded.
The orc priest hits you but does no damage.
You hit the orc priest.
The orc priest is severely wounded.
The orc priest closely misses you.
You barely miss the orc priest.
The orc priest is severely wounded.
The orc priest hits you but does no damage.
The orc hits you with a hand axe of draining.
* * * LOW HITPOINT WARNING * * *
You partially resist.
You feel drained.
You closely miss the orc priest.
The orc priest is severely wounded.
The orc hits you with a hand axe of draining.
You die...

#...................%.....
#.......................).
#.........?.o...).........
#..............[.........)
#.......####..............
.........#.#..............[
..........#.#..............
........####..............
........o@...............l
........o.................
..........................
..........................
.......................#..
..........................
)∩...................# ∩.#
..................


You could see an orc priest and an orc.

Vanquished Creatures
  A crimson imp (D:2)
  An orc priest (D:4)
  An orc wizard (D:4)
  A bullfrog skeleton (D:4)
  A hound (D:4)
  Ijyb (D:3)
  5 adders
  11 gnolls
  2 dart slugs
  A leopard gecko (D:3)
  5 orcs
  5 giant cockroaches
  10 goblins
  3 hobgoblins
  6 jackals
  A quokka (D:2)
  A ball python (D:1)
  10 bats
  3 frilled lizards
  6 kobolds
  A rat (D:1)
76 creatures vanquished.

Notes
Turn   | Place    | Note
-------+----------+-------------------------------------------
     0 | D:1      | Lathuz the Deep Elf Conjurer began the quest for the Orb.
     0 | D:1      | Reached XP level 1. HP: 10/10 MP: 6/6
   218 | D:1      | Reached XP level 2. HP: 15/15 MP: 5/8
   627 | D:1      | Reached skill level 5 in Conjurations
  1042 | D:2      | Reached XP level 3. HP: 19/19 MP: 6/10
  1337 | D:2      | Reached XP level 4. HP: 24/24 MP: 8/12
  1448 | D:2      | Learned a level 4 spell: Iskenderun's Mystic Blast
  1596 | D:2      | Reached skill level 6 in Conjurations
  1871 | D:2      | Reached XP level 5. HP: 28/28 MP: 12/14
  2427 | D:3      | Reached skill level 5 in Spellcasting
  3008 | D:3      | Noticed Ijyb
  3029 | D:3      | Killed Ijyb
  3029 | D:3      | Reached skill level 7 in Conjurations
  3029 | D:3      | Reached XP level 6. HP: 32/32 MP: 0/16
  3777 | D:4      | Found Wuttodar's Armour Boutique.
  4005 | D:4      | Reached skill level 1 in Shields
  4086 | D:4      | Found Judoekihe's Food Shop.
  4101 | D:4      | Slain by an orc

Vault maps used:
D:1:      denvon_arrival_planthouse
D:2:      minmay_door_square
D:3:      kennysheep_goblin_castle
D:4:      serial_shops, nicolae_shop_trees, shop_coins, nicolae_shop_stone,
          shop, first_ration, minmay_misc_feat_tiny, hangedman_feature_mirror,
          kennysheep_opposing_triangles

Skill      XL: |  1  2  3  4  5  6 |
---------------+-------------------+-----
Conjurations   | 5 6 7 |  7.4
Spellcasting   | 4 5 |  5.7
Shields        | 1 |  1.1
Dodging        | |  2.4
Stealth        | |  2.4

Action                   |  1- 3 |  4- 6 || total
-------------------------+-------+-------++-------
Melee: Club              |     2 |       ||     2
       Short sword       |       |     9 ||     9
 Cast: Magic Dart        |    59 |   106 ||   165
       Iskenderun's Myst |       |    19 ||    19
  Use: Scroll            |       |    13 ||    13
  Eat: Chunk             |     1 |     9 ||    10
       Ration            |       |     1 ||     1
Armor: Robe              |     1 |    27 ||    28
Dodge: Dodged            |    12 |    48 ||    60
Block: Buckler           |       |     4 ||     4

Table legend:
 A = Spawn XP
 B = Non-spawn XP
 C = Spawn XP percentage of total XP
 D = Spawn monster count
 E = Non-spawn monster count
 F = Spawn count percentage of total count
 G = Total turns spent on level
                    A         B        C        D         E        F      G
               +---------+---------+-------+---------+---------+-------+---------
         Total |       0 |     575 |   0.0 |       0 |      76 |   0.0 |  4101
               +---------+---------+-------+---------+---------+-------+---------
           D:1 |       0 |      26 |   0.0 |       0 |      16 |   0.0 |   891
           D:2 |       0 |     216 |   0.0 |       0 |      26 |   0.0 |  1465
           D:3 |       0 |     151 |   0.0 |       0 |      24 |   0.0 |  1586
           D:4 |       0 |     182 |   0.0 |       0 |      10 |   0.0 |   159
               +---------+---------+-------+---------+---------+-------+---------
